 Dungeon Crawl Stone Soup version 0.29.0-4-gdea44cf6ec (webtiles) character file.

Game seed: 2462516509323781868

3364 qw the Cleaver (level 10, 0/64 HPs)
             Began as a Gargoyle Berserker on Sept 4, 2022.
             Was a Priest of Trog.
             Slain by a killer bee (4 damage)
             ... on level 8 of the Dungeon.
             The game lasted 00:02:44 (9514 turns).

qw the Cleaver (Gargoyle Berserker)                 Turns: 9514, Time: 00:02:45

Health: 0/64       AC: 18    Str: 24    XL:     10   Next: 3%
Magic:  10/10      EV: 10    Int:  9    God:    Trog [***...]
Gold:   221        SH:  0    Dex: 21    Spells: 9/9 levels left

rFire   + . .      SeeInvis .   Y - +1 war axe
rCold   + . .      Faith    .   (no shield)
rNeg    + . .      Spirit   .   o - +0 chain mail
rPois   inf        Reflect  .   (no helmet)
rElec   +          Harm     .   d - scarf {rC+ rF+}
rCorr   .          Rampage  .   e - +0 pair of gloves
Will    .....                   (no boots)
Stlth   ..........              (no amulet)
HPRegen 0.20/turn               j - +6 ring of dexterity
MPRegen 0.12/turn               k - +6 ring of dexterity

@: on berserk cooldown, slowed, very slow
A: sickness immunity, AC +7, negative energy resistance 1, electricity
resistance, torment resistance 1, petrification resistance
a: Renounce Religion, Berserk, Trog's Hand


You were on level 8 of the Dungeon.
You worshipped Trog.
Trog was most pleased with you.
You visited 1 branch of the dungeon, and saw 8 of its levels.

You collected 221 gold pieces.


Innate Abilities, Weirdness & Mutations

You are immune to sickness and miasma.
Your stone body is resilient. (AC +7)
You are immune to poison.
You resist negative energy. (rN+)
You are resistant to electric shocks. (rElec)
You are resistant to unholy torment.
You are immune to petrification.


   Skills:
 - Level 8.0 Fighting
 + Level 10.3 Axes
 - Level 5.2 Armour
 - Level 3.1 Dodging


You had 9 spell levels left.
You didn't know any spells.
Your spell library was empty.

Inventory:

Hand Weapons
 l - a +4 flail of holy wrath
 Y - a +1 war axe (weapon)
Armour
 a - a +0 cloak
 d - a scarf of resistance (worn)
 e - a +0 pair of gloves (worn)
 o - a +0 chain mail (worn)
 s - a +0 plate armour
Jewellery
 c - a ring of ice
 j - a +6 ring of dexterity (left hand)
 k - a +6 ring of dexterity (right hand)
Scrolls
 h - a scroll of identify
 r - a scroll of teleportation {unknown}
Potions
 b - a potion of might
 f - 2 potions of haste
 g - a potion of attraction {unknown}
 i - a potion of curing
 m - a potion of heal wounds {unknown}
 n - a potion of ambrosia {unknown}
 p - a potion of cancellation {unknown}
 q - a potion of brilliance {unknown}

Dungeon Overview and Level Annotations

Branches:
Dungeon (8/15)             Temple (0/1) D:6
   Lair: D:8-11

Altars:
Ashenzari
Dithmenos
Elyvilon
Fedhas
Gozag
Hepliaklqana
Nemelex Xobeh
Okawaru
Qazlal
Sif Muna
Vehumet
Wu Jian
Yredelemnul

Shops:
D:2 :   D:3 [


Message History

A killer bee comes into view.
The killer bee stings you but does no damage. x2
You completely miss the killer bee.
The killer bee buzzes angrily.
You hear an angry buzzing noise.
The killer bee closely misses you. The killer bee barely misses you. x2
You hit the killer bee.
The killer bee is lightly wounded.
The killer bee closely misses you.
The killer bee stings you but does no damage.
The killer bee misses you.
You slash the killer bee!
You kill the killer bee!
Trog accepts your kill. The hound bites you but does no damage.
You closely miss the hound. The hound misses you. The hound barely misses you.
You miss the hound.
The hound bites you but does no damage. x2; The hound barely misses you.
You hit the hound.
The hound is lightly wounded.
The hound bites you. The hound closely misses you.
The wolf howls!
You hit the hound.
The hound is moderately wounded.
The hound closely misses you.
The hound stops to sniff the ground.
The hound barely misses you.
You slash the hound!
The hound is severely wounded.
The hound bites you but does no damage.
You slash the hound!
You kill the hound!
Trog accepts your kill.
You hit the killer bee.
The killer bee stings you but does no damage.
The killer bee barely misses you. The killer bee stings you.
You slash the killer bee!
The killer bee is heavily wounded.
The killer bee barely misses you. The killer bee stings you.
You die...

..............#
..............#
..............#
..............#
..........~~.....##
..........~~....... ..
........[~)....... ...
.......)@).......
....####.....##y####...
....#........#.h.......
.............#.........
.............'........~
...........<##........~
.......))..###.........
.......))...##........$
............##........~


You could see a wolf and a killer bee.

Vanquished Creatures
  Eustachio (D:4)
  Edmund (D:4)
  An acid dragon (D:8)
  2 water moccasins
  2 orc warriors
  A sky beast (D:7)
  4 ogres
  4 centaurs
  A wolf (D:8)
  A kobold brigand (D:7)
  A phantom (D:5)
  3 bullfrogs
  A necrophage (D:6)
  A scorpion (D:5)
  A water moccasin zombie (D:6)
  2 gnoll sergeants (D:7)
  2 killer bees (D:8)
  2 howler monkeys
  2 bullfrog zombies (D:6)
  2 centaur zombies (D:6)
  7 hounds
  2 orc priests
  3 jellies
  4 iguanas
  6 orc wizards
  A killer bee zombie (D:6)
  8 gnolls (D:7)
  5 adders
  2 shadow imps
  3 ufetubi
  A worm (D:5)
  2 dart slugs
  16 orcs
  5 ball pythons
  6 endoplasms
  3 giant cockroaches
  6 goblins
  7 hobgoblins
  6 kobolds
  4 quokkas
  4 bats
  A frilled lizard (D:2)
  4 rats
141 creatures vanquished.

Vanquished Creatures (others)
  A bush (D:4)
  11 plants (D:4)
12 creatures vanquished.

Grand Total: 153 creatures vanquished

Notes
Turn   | Place    | Note
-------+----------+-------------------------------------------
     0 | D:1      | qw the Gargoyle Berserker began the quest for the Orb.
     0 | D:1      | Reached XP level 1. HP: 14/14 MP: 1/1
     0 | D:1      | 0 ||| qw: Version: 0.1-a-103-gd6f5d3a
     0 | D:1      | 0 ||| qw: Game counter: 5601
     0 | D:1      | 0 ||| qw: Always use a shield: true
     0 | D:1      | 0 ||| qw: Do Orc after D:15 true
     0 | D:1      | 0 ||| qw: Do second Lair branch before Depths: true
     0 | D:1      | 0 ||| qw: Lair rune preference: random
     0 | D:1      | 0 ||| qw: Plans: Normal
     0 | D:1      | 0 ||| PLANNING D:1-11
   119 | D:1      | 119 ||| Stepping ~*~*~tactically~*~*~ (hiding).
   221 | D:1      | 221 ||| Stepping ~*~*~tactically~*~*~ (hiding).
   229 | D:1      | Reached skill level 3 in Axes
   396 | D:1      | Reached XP level 2. HP: 19/19 MP: 2/2
   873 | D:1      | Found a faded altar of an unknown god.
   994 | D:1      | 994 ||| DROPPING +0 club.
  1015 | D:1      | 1015 ||| UPGRADING to +0 pair of gloves.
  1020 | D:1      | 1020 ||| UPGRADING to +0 leather armour.
  1030 | D:1      | 1030 ||| DROPPING +0 animal skin.
  1174 | D:2      | 1174 ||| Stepping ~*~*~tactically~*~*~ (stealth).
  1175 | D:2      | 1175 ||| Stepping ~*~*~tactically~*~*~ (stealth).
  1176 | D:2      | 1176 ||| Stepping ~*~*~tactically~*~*~ (stealth).
  1249 | D:2      | Reached XP level 3. HP: 23/23 MP: 3/3
  1435 | D:2      | Found Ytupn's Book Boutique.
  1957 | D:2      | 1957 ||| UPGRADING to scarf of resistance.
  1962 | D:2      | 1962 ||| UPGRADING to +6 ring of dexterity.
  1963 | D:2      | 1963 ||| UPGRADING to +6 ring of dexterity.
  1964 | D:2      | 1964 ||| READING scroll labelled MUKKUD PIBU.
  1965 | D:2      | 1965 ||| DRINKING 2 yellow potions.
  2005 | D:3      | Found a hazy altar of Hepliaklqana.
  2034 | D:3      | Found a radiant altar of Vehumet.
  2064 | D:3      | 2064 ||| UPGRADING to +0 ring mail.
  2074 | D:3      | 2074 ||| DROPPING +0 leather armour.
  2075 | D:3      | 2075 ||| READING scroll labelled HOMAUK IV YSU.
  2076 | D:3      | 2076 ||| Stepping randomly (stuck).
  2077 | D:3      | 2077 ||| Stepping randomly (stuck).
  2078 | D:3      | 2078 ||| Stepping randomly (stuck).
  2163 | D:3      | Reached skill level 4 in Axes
  2170 | D:3      | Found a stormy altar of Qazlal.
  2203 | D:3      | Found an opulent altar of Gozag.
  2235 | D:3      | Found an iron altar of Okawaru.
  2531 | D:3      | Found Niymm's Antique Armour Boutique.
  2545 | D:3      | 2545 ||| SHOPLISTING glowing ice dragon scales (1953 gold,
                  | have 67).
  2545 | D:3      | 2545 ||| SHOPLISTING glowing plate armour (806 gold, have
                  | 67).
  2545 | D:3      | 2545 ||| SHOPLISTING helmet (139 gold, have 67).
  2545 | D:3      | 2545 ||| SHOPLISTING pair of runed gloves (232 gold, have
                  | 67).
  2545 | D:3      | 2545 ||| SHOPLISTING runed chain mail (232 gold, have 67).
  2545 | D:3      | 2545 ||| SHOPLISTING shiny helmet (232 gold, have 67).
  2837 | D:3      | 2837 ||| UPGRADING to +0 scale mail.
  2847 | D:3      | 2847 ||| DROPPING +0 ring mail.
  2848 | D:3      | 2848 ||| UPGRADING to +0 chain mail.
  2858 | D:3      | 2858 ||| DROPPING +0 scale mail.
  2859 | D:3      | 2859 ||| READING scroll labelled LUOCEO GEZA.
  2860 | D:3      | 2860 ||| READING scroll labelled PEUF SYFEGU.
  2861 | D:3      | 2861 ||| READING scroll labelled HOLUUN KOOMIRGH.
  2983 | D:4      | 2983 ||| INVOKING Berserk.
  2987 | D:4      | Reached XP level 4. HP: 28/28 MP: 4/4
  3207 | D:4      | Found a broken altar of Ashenzari.
  3210 | D:4      | 3210 ||| INVOKING Berserk.
  3374 | D:4      | Reached skill level 5 in Axes
  3374 | D:4      | Reached XP level 5. HP: 31/32 MP: 5/5
  3423 | D:4      | Noticed Edmund
  3426 | D:4      | 3426 ||| INVOKING Berserk.
  3430 | D:4      | Killed Edmund
  3430 | D:4      | Reached ** piety under Trog
  3431 | D:4      | Reached XP level 6. HP: 40/40 MP: 6/6
  3548 | D:4      | 3548 ||| DROPPING +0 whip.
  3636 | D:4      | 3636 ||| Stepping ~*~*~tactically~*~*~ (hiding).
  3755 | D:4      | Noticed Eustachio
  3756 | D:4      | 3756 ||| INVOKING Berserk.
  3763 | D:4      | Killed Eustachio
  4165 | D:4      | Reached skill level 6 in Axes
  4245 | D:4      | 4245 ||| Stepping ~*~*~tactically~*~*~ (stealth).
  4248 | D:4      | 4248 ||| Stepping ~*~*~tactically~*~*~ (stealth).
  4249 | D:4      | 4249 ||| Stepping ~*~*~tactically~*~*~ (stealth).
  4251 | D:4      | 4251 ||| Stepping ~*~*~tactically~*~*~ (stealth).
  4327 | D:4      | You fall into a shaft and drop 3 floors!
  4328 | D:7      | 4328 ||| DROPPING ring of willpower.
  4329 | D:7      | 4329 ||| READING scroll labelled DALAJE SOAMIN.
  4337 | D:6      | Found an ornate altar of the Wu Jian Council.
  4364 | D:6      | Reached XP level 7. HP: 44/44 MP: 7/7
  4377 | D:5      | Entered Level 5 of the Dungeon
  4432 | D:4      | Found a blossoming altar of Fedhas.
  4514 | D:5      | 4514 ||| Stepping ~*~*~tactically~*~*~ (stealth).
  4532 | D:5      | Reached skill level 3 in Armour
  4579 | D:5      | 4579 ||| DROPPING +1 mace of protection.
  4586 | D:5      | 4586 ||| INVOKING Berserk.
  4860 | D:5      | 4860 ||| INVOKING Berserk.
  5004 | D:5      | 5004 ||| INVOKING Berserk.
  5005 | D:5      | 5005 ||| INVOKING Berserk.
  5138 | D:5      | Found a white marble altar of Elyvilon.
  5488 | D:5      | Reached skill level 7 in Axes
  5567 | D:5      | 5567 ||| Stepping ~*~*~tactically~*~*~ (hiding).
  5582 | D:5      | 5582 ||| FLEEEEING.
  5583 | D:5      | 5583 ||| FLEEEEING.
  5596 | D:5      | Reached XP level 8. HP: 46/49 MP: 8/8
  5637 | D:5      | Found a shadowy altar of Dithmenos.
  5768 | D:5      | 5768 ||| READING scroll labelled YXETWU BOCROT.
  5769 | D:5      | 5769 ||| DRINKING 2 bubbling yellow potions.
  5873 | D:5      | 5873 ||| DRINKING 3 green potions.
  5874 | D:5      | 5874 ||| DRINKING 3 red potions.
  5875 | D:5      | 5875 ||| READING 2 scrolls of identify.
  5875 | D:5      | 5875 ||| IDENTIFYING fizzy clear potion
  5876 | D:5      | 5876 ||| DROPPING potion of lignification.
  5877 | D:5      | 5877 ||| DROPPING potion of berserk rage.
  5878 | D:5      | 5878 ||| DROPPING 2 potions of magic.
  5969 | D:6      | 5969 ||| INVOKING Berserk.
  5973 | D:6      | Reached skill level 8 in Axes
  6013 | D:6      | 6013 ||| FLEEEEING.
  6014 | D:6      | 6014 ||| FLEEEEING.
  6015 | D:6      | 6015 ||| FLEEEEING.
  6016 | D:6      | 6016 ||| FLEEEEING.
  6017 | D:6      | 6017 ||| FLEEEEING.
  6018 | D:6      | 6018 ||| FLEEEEING.
  6019 | D:6      | 6019 ||| FLEEEEING.
  6020 | D:6      | 6020 ||| STAIRDANCE
  6297 | D:6      | Found a staircase to the Ecumenical Temple.
  6430 | D:6      | Reached skill level 6 in Fighting
  6754 | D:6      | Found a basalt altar of Yredelemnul.
  6828 | D:6      | 6828 ||| INVOKING Berserk.
  6834 | D:6      | Reached XP level 9. HP: 55/55 MP: 9/9
  6984 | D:6      | 6984 ||| INVOKING Berserk.
  6987 | D:6      | Reached skill level 9 in Axes
  7019 | D:6      | 7019 ||| Stepping ~*~*~tactically~*~*~ (stealth).
  7226 | D:6      | 7226 ||| SWAPPING to +0 war axe.
  7241 | D:6      | 7241 ||| INVOKING Berserk.
  7418 | D:6      | 7418 ||| DROPPING +0 hand axe of freezing.
  7777 | D:6      | 7777 ||| READING scroll labelled BEINLA QIBBOWO.
  7778 | D:6      | 7778 ||| READING 2 scrolls of identify.
  7778 | D:6      | 7778 ||| IDENTIFYING puce potion
  7919 | D:7      | Reached skill level 3 in Dodging
  8163 | D:7      | Found a shimmering blue altar of Sif Muna.
  8171 | D:7      | 8171 ||| DRINKING 2 potions of curing.
  8171 | D:7      | 8171 ||| (to cure confusion)
  8176 | D:7      | 8176 ||| FLEEEEING.
  8177 | D:7      | 8177 ||| FLEEEEING.
  8179 | D:7      | 8179 ||| FLEEEEING.
  8258 | D:7      | 8258 ||| Stepping ~*~*~tactically~*~*~ (hiding).
  8279 | D:7      | 8279 ||| INVOKING Berserk.
  8503 | D:7      | 8503 ||| Stepping ~*~*~tactically~*~*~ (stealth).
  8505 | D:7      | 8505 ||| INVOKING Berserk.
  8719 | D:7      | Reached skill level 10 in Axes
  8960 | D:7      | 8960 ||| INVOKING Berserk.
  9071 | D:7      | Found a sparkling altar of Nemelex Xobeh.
  9258 | D:7      | 9258 ||| READING scroll labelled PEVAGG OHAO.
  9276 | D:8      | 9276 ||| PLANNING OSSUARY
  9278 | D:8      | 9278 ||| INVOKING Berserk.
  9469 | D:8      | 9469 ||| Stepping ~*~*~tactically~*~*~ (hiding).
  9484 | D:8      | 9484 ||| INVOKING Berserk.
  9484 | D:8      | HP: 20/85 [centaur/arrow (11)]
  9490 | D:8      | HP: 5/85 [killer bee (6)]
  9494 | D:8      | Reached *** piety under Trog
  9496 | D:8      | Noticed a troll
  9502 | D:8      | Reached XP level 10. HP: 5/64 MP: 10/10
  9510 | D:8      | HP: 5/64 [hound (3)]
  9514 | D:8      | Slain by a killer bee

Levels and vault maps discovered:
D:1:      kennysheep_arrival_forest, layout_basic,
          dreamdust_ecumenical_altar_hidden_monk_grotto
D:2:      layout_basic, serial_shops, nicolae_shop_stone, grunt_decor_clamped,
          corexii_hall_statues_s
D:3:      layout_basic, old_standard_altar, okawaru_gym_becter,
          mainiacjoe_overflow_tiny_flanked, fiery_altar_vehumet,
          mainiacjoe_overflow_surrounded_room, serial_shops, shop
D:4:      layout_loops_corners, cheibrodos_ashenzari_chains,
          fedhas_altar_decomposition, kennysheep_generic_room_11, uniq_edmund,
          uniq_eustachio
D:5:      layout_loops_cross, lemuel_round_altar, overflow_temple_1_default
D:6:      layout_cave_pods, nicolae_overflow_crystal_walls,
          nicolae_yredelemnul_corpse_copse, minmay_temple_entry_enclosed_plants,
          minmay_manual_mares
D:7:      layout_loops_ring, led_sif_book, nemelex_dance_club_becter
D:8:      layout_basic, erik_lair_island, nicolae_ossuary_entry_catacombs,
          minivault_23

Skill      XL: |  1  2  3  4  5  6  7  8  9 |
---------------+----------------------------+-----
Axes           | 3 4 5 6 7 8 10 | 10.3
Fighting       | 5 6 8 |  8.0
Armour         | 3 4 5 |  5.2
Dodging        | 2 3 |  3.1

Action                   |  1- 3 |  4- 6 |  7- 9 | 10-12 || total
-------------------------+-------+-------+-------+-------++-------
Melee: Hand axe          |   126 |    46 |   231 |       ||   403
       Punch             |       |       |     6 |       ||     6
       War axe           |       |       |   147 |    13 ||   160
Invok: Berserk           |     1 |     3 |    12 |       ||    16
  Use: Scroll            |     5 |     1 |     5 |       ||    11
       Potion            |     1 |       |     4 |       ||     5
Armor: Leather armour    |    20 |       |       |       ||    20
       Animal skin       |     4 |       |       |       ||     4
       Ring mail         |    17 |       |       |       ||    17
       Chain mail        |     2 |    17 |   256 |    11 ||   286
Dodge: Dodged            |    75 |    16 |   204 |    15 ||   310

Table legend:
 A = Non-vault XP
 B = Vault XP
 C = Vault XP percentage of total XP
 D = Non-vault monster count
 E = Vault monster count
 F = Vault count percentage of total count
                 A         B        C        D         E       F
            +---------+---------+-------+---------+---------+-------
      Total |    3522 |    1284 |  26.7 |     122 |      18 |  12.9
            +---------+---------+-------+---------+---------+-------
        D:1 |      24 |       0 |   0.0 |      11 |       0 |   0.0
        D:2 |      23 |       0 |   0.0 |      15 |       0 |   0.0
        D:3 |      22 |       0 |   0.0 |      12 |       0 |   0.0
        D:4 |     167 |     362 |  68.4 |      13 |       3 |  18.8
        D:5 |     692 |       0 |   0.0 |      19 |       0 |   0.0
        D:6 |     993 |     517 |  34.2 |      19 |       8 |  29.6
        D:7 |     988 |     124 |  11.2 |      22 |       2 |   8.3
        D:8 |     613 |     281 |  31.4 |      11 |       5 |  31.2
            +---------+---------+-------+---------+---------+-------
